[Event "25th Zadar Open 2018"]
[Site "Zadar"]
[Date "2018.12.18"]
[Round "5.2"]
[White "Brkic, Ante"]
[Black "Cvitan, Ognjen"]
[Result "1/2-1/2"]
[ECO "B19"]
[WhiteElo "2563"]
[BlackElo "2503"]
[Annotator "ChessBase"]
[PlyCount "51"]
[EventDate "2018.12.15"]
[EventType "swiss"]
[EventCountry "CRO"]
[SourceTitle "playchess.com"]
[Source "ChessBase"]
[SourceQuality "1"]
[TimeControl "40/5400+30:1800+30"]

1. e4 c6 2. d4 d5 3. Nc3 dxe4 4. Nxe4 Bf5 5. Ng3 Bg6 6. h4 h6 7. Nf3 e6 8. Ne5 Bh7 9. Bd3 Bxd3 10. Qxd3 Nd7 11. f4 Be7 12. Bd2 Nxe5 13. fxe5 Bxh4 14. O-O-O Bxg3 15. Qxg3 Ne7 16. Qxg7 Rg8 17. Qxh6 Qd5 18. Kb1 O-O-O 19. Qf6 Rxg2 20. Bc3 Nf5 21. Qxf7 Rg7 22. Qh5 Ng3 23. Qh6 Nf5 24. Qh5 Ng3 25. Qh6 Nf5 26. Qh5 1/2-1/2

[Event "25th Zadar Open 2018"]
[Site "Zadar"]
[Date "2018.12.18"]
[Round "5.3"]
[White "Tomazini, Zan"]
[Black "Djukic, Nikola"]
[Result "1-0"]
[ECO "B22"]
[WhiteElo "2437"]
[BlackElo "2574"]
[Annotator "RC"]
[PlyCount "69"]
[EventDate "2018.12.15"]
[EventType "swiss"]
[EventCountry "CRO"]
[SourceTitle "playchess.com"]
[Source "ChessBase"]
[SourceQuality "1"]
[TimeControl "40/5400+30:1800+30"]

1. e4 c5 2. Nf3 Nc6 3. c3 Nf6 4. e5 Nd5 5. d4 cxd4 6. cxd4 d6 7. Bc4 dxe5 8. Nxe5 Be6 9. Nd2 g6 10. Ndf3 Bg7 11. Ng5 Nxe5 12. Nxe6 fxe6 13. dxe5 O-O 14. O-O Kh8 15. f4 Qb6+ 16. Kh1 Rad8 17. Qb3 Qd4 18. Rd1 Qe4 19. Bd3 Qb4 20. Bc4 g5 21. Qxb4 Nxb4 22. Bd2 Nd5 23. fxg5 Bxe5 24. Bxd5 Rxd5 25. Bb4 Bxb2 26. Rab1 Rxd1+ 27. Rxd1 Rf7 28. g3 Kg7 29. Rd7 Kg6 30. h4 e5 31. Rxb7 Bd4 32. Rxe7 Rf2 33. g4 Rxa2 34. Rd7 Bf2 35. Bf8 1-0

[Event "25th Zadar Open 2018"]
[Site "Zadar"]
[Date "2018.12.18"]
[Round "5.7"]
[White "Loncar, Robert"]
[Black "Krzyzanowski, Marcin"]
[Result "1/2-1/2"]
[ECO "E90"]
[WhiteElo "2397"]
[BlackElo "2491"]
[Annotator "ChessBase"]
[PlyCount "101"]
[EventDate "2018.12.15"]
[EventType "swiss"]
[EventCountry "CRO"]
[SourceTitle "playchess.com"]
[Source "ChessBase"]
[SourceQuality "1"]
[TimeControl "40/5400+30:1800+30"]

1. Nf3 Nf6 2. c4 g6 3. Nc3 Bg7 4. e4 O-O 5. d4 c5 6. d5 d6 7. h3 e6 8. Bd3 exd5 9. exd5 Re8+ 10. Kf1 Nbd7 11. g4 a6 12. a4 Rb8 13. Bg5 Ne5 14. Nxe5 Rxe5 15. Qd2 Qf8 16. Bf4 Re8 17. Kg2 Nd7 18. Rhe1 Ne5 19. Bf1 Bd7 20. Bg3 f5 21. f4 Nf7 22. g5 Rxe1 23. Bxe1 Qd8 24. h4 Qe7 25. Bd3 Re8 26. Bf2 Qd8 27. a5 b6 28. Ne2 b5 29. Ra2 Qb8 30. b3 bxc4 31. bxc4 Qb3 32. h5 Rb8 33. Rc2 Qa3 34. h6 Bh8 35. Ra2 Qb3 36. Be1 Nd8 37. Rc2 Qa3 38. Qe3 Nf7 39. Bc3 Re8 40. Qd2 Bxc3 41. Rxc3 Qb4 42. Qc1 Rb8 43. Rc2 Qb1 44. Qd2 Qb4 45. Qc1 Qb1 46. Qe3 Kf8 47. Qd2 Qb4 48. Qc1 Qb1 49. Qd2 Qb4 50. Qc1 Qb1 51. Qd2 1/2-1/2

[Event "25th Zadar Open 2018"]
[Site "Zadar"]
[Date "2018.12.18"]
[Round "5.10"]
[White "Nester, Ihor"]
[Black "Plenca, Jadranko"]
[Result "1/2-1/2"]
[ECO "E09"]
[WhiteElo "2337"]
[BlackElo "2475"]
[Annotator "ChessBase"]
[PlyCount "117"]
[EventDate "2018.12.15"]
[EventType "swiss"]
[EventCountry "CRO"]
[SourceTitle "playchess.com"]
[Source "ChessBase"]
[SourceQuality "1"]
[TimeControl "40/5400+30:1800+30"]

1. Nf3 d5 2. d4 Nf6 3. c4 e6 4. g3 Be7 5. Bg2 O-O 6. O-O Nbd7 7. Qc2 c6 8. Nbd2 b6 9. e4 dxc4 10. Nxc4 Bb7 11. Bf4 c5 12. Rfe1 cxd4 13. Nd6 Bxd6 14. Bxd6 d3 15. Qxd3 Bxe4 16. Qd4 e5 17. Nxe5 Nxe5 18. Bxe5 Bxg2 19. Kxg2 Qxd4 20. Bxd4 Rfe8 21. Kf3 Rad8 22. Rxe8+ Rxe8 23. Rc1 Nd5 24. a4 f6 25. Rc6 Rd8 26. Rc4 Rd7 27. b4 Kf7 28. b5 Rc7 29. Rxc7+ Nxc7 30. Ke4 Ke6 31. f4 g6 32. Kd3 Ne8 33. Kc4 Nd6+ 34. Kb4 Nb7 35. g4 Na5 36. Bc3 Nb7 37. Kc4 Nd6+ 38. Kd4 f5 39. g5 Ne4 40. Bb4 Nd6 41. Ba3 Ne4 42. Bf8 Nd6 43. Bg7 Ne4 44. Be5 Nc5 45. Bb8 a5 46. bxa6 Nxa6 47. Ba7 Nc5 48. Bxb6 Nxa4 49. Ba7 Kd6 50. Kc4 Nb2+ 51. Kc3 Na4+ 52. Kd4 Nb2 53. Bc5+ Ke6 54. Bb4 Nd1 55. Be1 Kd6 56. Bg3 Ke6 57. Be1 Kd6 58. Bb4+ Ke6 59. Be1 1/2-1/2

[Event "25th Zadar Open 2018"]
[Site "Zadar"]
[Date "2018.12.18"]
[Round "5.11"]
[White "Bratkovic, Jakob"]
[Black "Bukal, Vladimir Jr."]
[Result "1/2-1/2"]
[ECO "B15"]
[WhiteElo "2239"]
[BlackElo "2390"]
[Annotator "ChessBase"]
[PlyCount "113"]
[EventDate "2018.12.15"]
[EventType "swiss"]
[EventCountry "CRO"]
[SourceTitle "playchess.com"]
[Source "ChessBase"]
[SourceQuality "1"]
[TimeControl "40/5400+30:1800+30"]

1. e4 c6 2. d4 d5 3. Nc3 dxe4 4. Nxe4 Nf6 5. Nxf6+ exf6 6. c3 Bd6 7. Bd3 O-O 8. Qc2 Re8+ 9. Ne2 h5 10. Be3 Nd7 11. O-O-O Nf8 12. Ng3 Be6 13. Kb1 Rc8 14. Nf5 g6 15. Nxd6 Qxd6 16. b3 b5 17. Bc1 a5 18. f4 f5 19. h3 h4 20. g4 hxg3 21. Rhg1 a4 22. Rxg3 axb3 23. axb3 Qd5 24. c4 bxc4 25. Bxc4 Qa5 26. h4 Bxc4 27. Qxc4 Ra8 28. Bb2 Re1 29. Rg1 Re3 30. h5 Qd5 31. hxg6 fxg6 32. Kc2 Rb8 33. Bc3 Kg7 34. Qxd5 cxd5 35. Rde1 Rf3 36. Rgf1 Rh3 37. Kb2 Rh2+ 38. Ka3 Rh3 39. Kb2 Rh2+ 40. Ka3 Ra8+ 41. Kb4 Rh3 42. Ba1 Kf7 43. Kc5 Nd7+ 44. Kxd5 Nf6+ 45. Kc6 Rxb3 46. Rb1 Rc8+ 47. Kd6 Ra3 48. Rb7+ Kf8 49. Rfb1 Ra6+ 50. R7b6 Ra5 51. Rh1 Rd8+ 52. Ke6 Ng8 53. d5 Re8+ 54. Kd6 Rd8+ 55. Ke6 Re8+ 56. Kd6 Rd8+ 57. Ke6 1/2-1/2

[Event "25th Zadar Open 2018"]
[Site "Zadar"]
[Date "2018.12.18"]
[Round "5.12"]
[White "Sokac, Marko"]
[Black "Tica, Sven"]
[Result "1/2-1/2"]
[ECO "B11"]
[WhiteElo "2301"]
[BlackElo "2439"]
[Annotator "NA"]
[PlyCount "104"]
[EventDate "2018.12.15"]
[EventType "swiss"]
[EventCountry "CRO"]
[SourceTitle "playchess.com"]
[Source "ChessBase"]
[SourceQuality "1"]
[TimeControl "40/5400+30:1800+30"]

1. e4 c6 2. Nc3 d5 3. d3 e5 4. f4 dxe4 5. Nxe4 exf4 6. Qe2 Be6 7. Nh3 Qh4+ 8. g3 fxg3 9. hxg3 Qg4 10. Qe3 Nf6 11. Nxf6+ gxf6 12. Nf4 Rg8 13. Bh3 Qxg3+ 14. Qxg3 Rxg3 15. Bxe6 fxe6 16. Nxe6 Bd6 17. Rxh7 Rg2 18. Ng7+ Kd8 19. Nf5 Bf8 20. Kf1 Rg4 21. Rxb7 Nd7 22. Be3 Kc8 23. Rb3 Kc7 24. Re1 a5 25. d4 a4 26. Rd3 Ra5 27. Ng3 Bd6 {[%emt 0:01:30] [#]} 28. Bf2 $16 f5 29. c4 f4 30. c5 fxg3 31. cxd6+ Kxd6 32. Bxg3+ Kd5 33. Re7 Ra7 34. Rf3 Rb7 35. Rf5+ Kc4 36. Bf2 Rg6 37. Rf3 Rd6 38. Rc3+ Kb5 39. Ke2 Ka6 40. Rc2 Rb5 41. Kd3 Rh5 42. Bg3 Rh3 43. Rg7 Kb5 44. Ke4 Nf6+ 45. Kf5 Rh5+ 46. Kg6 Re6 47. Kf7 Ne8 48. Rg8 Rhh6 49. Rxe8 Rhf6+ 50. Kg7 Rg6+ 51. Kf7 Rgf6+ 52. Kg7 Rg6+ 1/2-1/2

[Event "25th Zadar Open 2018"]
[Site "Zadar"]
[Date "2018.12.18"]
[Round "5.14"]
[White "Karthik Kumar Pradeep"]
[Black "Ustianovich, Nazar"]
[Result "0-1"]
[ECO "D78"]
[WhiteElo "2230"]
[BlackElo "2383"]
[Annotator "NA"]
[PlyCount "96"]
[EventDate "2018.12.15"]
[EventType "swiss"]
[EventCountry "CRO"]
[SourceTitle "playchess.com"]
[Source "ChessBase"]
[SourceQuality "1"]
[TimeControl "40/5400+30:1800+30"]

1. d4 Nf6 2. c4 g6 3. Nf3 Bg7 4. g3 c6 5. Bg2 d5 6. O-O O-O 7. Nbd2 a5 8. a4 Na6 9. b3 Nb4 10. Bb2 Bf5 11. Bc3 Ne4 12. Nxe4 dxe4 13. Ne1 c5 14. e3 Qc8 15. Qd2 Rd8 16. Qb2 Ra6 17. f3 exf3 18. Bxf3 cxd4 19. exd4 Rad6 20. Rd1 Bxd4+ 21. Bxd4 Rxd4 22. Rxd4 Qc5 23. Qf2 Qxd4 24. Qxd4 Rxd4 25. Bxb7 Rd2 26. c5 Rd7 27. c6 Rc7 28. Nf3 Nxc6 29. Bxc6 Rxc6 30. Nd4 Rc5 31. Nxf5 gxf5 32. Rd1 Kg7 33. Rd8 e6 34. Rb8 Kf6 35. b4 Rc1+ 36. Kf2 Rc2+ 37. Kf3 axb4 38. Rxb4 Rxh2 39. Rb7 Ra2 40. Ra7 Ra3+ 41. Kf2 h5 42. Kg2 Kg6 43. Ra8 h4 44. gxh4 Kh5 45. Rh8+ Kg4 46. h5 Ra2+ 47. Kg1 Rxa4 48. h6 Kg5 0-1

[Event "25th Zadar Open 2018"]
[Site "Zadar"]
[Date "2018.12.18"]
[Round "5.15"]
[White "Salimova, Nurgyul"]
[Black "Mohite, Ranveer"]
[Result "1-0"]
[ECO "B84"]
[WhiteElo "2377"]
[BlackElo "2236"]
[Annotator "NA"]
[PlyCount "71"]
[EventDate "2018.12.15"]
[EventType "swiss"]
[EventCountry "CRO"]
[SourceTitle "playchess.com"]
[Source "ChessBase"]
[SourceQuality "1"]
[TimeControl "40/5400+30:1800+30"]

1. e4 c5 2. Nf3 e6 3. d4 cxd4 4. Nxd4 a6 5. Nc3 Qc7 6. Be2 {[%emt 0:01:00] LiveBook: 1882 Games} Nf6 7. O-O d6 8. Qd3 $11 b5 9. b4 Bb7 10. a4 bxa4 11. Rxa4 Nbd7 12. Qe3 Nb6 13. Ra2 Nc4 14. Qh3 Be7 15. b5 a5 16. Bg5 Qc5 17. Bxf6 gxf6 18. Nb3 Qc7 19. Bxc4 Qxc4 20. Nxa5 Qc8 21. Rfa1 O-O 22. Qe3 Rd8 23. Nxb7 Qxb7 24. Ra7 Bf8 25. h4 Rxa7 26. Rxa7 Qb8 27. b6 Rc8 28. b7 Rxc3 29. Qxc3 Qxa7 30. Qc8 Qa1+ 31. Kh2 Qe5+ 32. g3 Qd4 33. Kg1 Qd1+ 34. Kg2 Qe1 35. b8=Q Qxe4+ 36. Kh2 1-0

[Event "25th Zadar Open 2018"]
[Site "Zadar"]
[Date "2018.12.18"]
[Round "5.16"]
[White "Chan, Kim Yew"]
[Black "Bilobrk, Franjo"]
[Result "1/2-1/2"]
[ECO "B38"]
[WhiteElo "2175"]
[BlackElo "2364"]
[Annotator "NA"]
[PlyCount "98"]
[EventDate "2018.12.15"]
[EventType "swiss"]
[EventCountry "CRO"]
[SourceTitle "playchess.com"]
[Source "ChessBase"]
[SourceQuality "1"]
[TimeControl "40/5400+30:1800+30"]

1. Nf3 c5 2. c4 g6 3. e4 Bg7 4. d4 cxd4 5. Nxd4 Nc6 6. Be3 Nf6 $14 {[%emt 0:01:00] LiveBook: 4420 Games} 7. Nc3 O-O 8. Be2 d6 9. O-O Bd7 10. Qd2 Nxd4 11. Bxd4 Bc6 12. f3 a5 13. b3 Nd7 14. Bf2 Nc5 15. Rab1 h5 16. Bd1 Kh7 17. Bc2 e6 18. Rbe1 Qe7 19. f4 f5 20. exf5 gxf5 21. Re3 Bxc3 22. Qxc3 Kh6 23. Rg3 Rg8 24. Bxc5 dxc5 25. Qe5 h4 26. Rg5 Rae8 27. Rxg8 Rxg8 28. Rf2 Re8 29. Re2 Qg7 30. Kf1 Qxe5 31. Rxe5 b6 32. Kf2 Kg6 33. Re2 Kf6 34. Rd2 Ke7 35. Bd1 Ra8 36. a4 Rd8 37. Rxd8 Kxd8 38. Bf3 Be8 39. g3 hxg3+ 40. hxg3 Ke7 41. Ke3 Kf6 42. Be2 Bg6 43. Bd1 Kg7 44. Be2 Kh6 45. Bd1 Kg7 46. Be2 Kf6 47. Bd1 Be8 48. Be2 Bc6 49. Bf3 Be8 1/2-1/2

[Event "25th Zadar Open 2018"]
[Site "Zadar"]
[Date "2018.12.18"]
[Round "5.17"]
[White "Blagojevic, Tijana"]
[Black "Sutkovic, Damir"]
[Result "0-1"]
[ECO "A31"]
[WhiteElo "2208"]
[BlackElo "2345"]
[Annotator "NA"]
[PlyCount "74"]
[EventDate "2018.12.15"]
[EventType "swiss"]
[EventCountry "CRO"]
[SourceTitle "playchess.com"]
[Source "ChessBase"]
[SourceQuality "1"]
[TimeControl "40/5400+30:1800+30"]

1. e4 c5 2. Nf3 e6 3. d4 cxd4 4. Nxd4 a6 5. c4 Nf6 6. Nc3 d6 7. Be2 b6 8. O-O Bb7 9. f3 Nbd7 10. Be3 Be7 11. a4 Rb8 12. Rf2 O-O 13. Bf1 Re8 14. Rd2 Qc7 15. Rc1 Rbc8 16. Bf2 Qb8 17. Nc2 Ne5 18. Ne3 Ng6 19. Bg3 Red8 20. Qb3 Ba8 21. Rcd1 h5 22. Kh1 h4 23. Bf2 Nd7 24. Ne2 h3 25. g3 Nge5 26. Ng4 Nxg4 27. fxg4 Bxe4+ 28. Kg1 Ne5 29. Nd4 Nxg4 30. Bxh3 Nxf2 31. Rxf2 d5 32. Nxe6 fxe6 33. Bxe6+ Kh8 34. g4 Bc5 35. Qh3+ Bh7 36. Bf5 g6 37. Bxg6 Bxf2+ 0-1

[Event "25th Zadar Open 2018"]
[Site "Zadar"]
[Date "2018.12.18"]
[Round "5.18"]
[White "Spalir, Jernej"]
[Black "Volotovsky, Kirill"]
[Result "1/2-1/2"]
[ECO "E32"]
[WhiteElo "2336"]
[BlackElo "2179"]
[Annotator "NA"]
[PlyCount "52"]
[EventDate "2018.12.15"]
[EventType "swiss"]
[EventCountry "CRO"]
[SourceTitle "playchess.com"]
[Source "ChessBase"]
[SourceQuality "1"]
[TimeControl "40/5400+30:1800+30"]

1. d4 Nf6 2. c4 e6 3. Nc3 Bb4 4. Qc2 b6 5. e4 c5 6. d5 Qe7 7. Nge2 exd5 8. exd5 O-O 9. Bg5 h6 10. Bh4 d6 11. O-O-O Nbd7 12. Ng3 Ne5 13. Nf5 Bxf5 14. Qxf5 Bxc3 15. bxc3 Ng6 16. Bxf6 Qxf6 17. Qxf6 gxf6 18. Bd3 Rfe8 19. Bxg6 fxg6 20. Rhe1 Kf7 21. Kd2 f5 22. Rxe8 Rxe8 23. Kd3 Re7 24. Kd2 Kf6 25. Kd3 Kf7 26. Kd2 Kf6 1/2-1/2

[Event "25th Zadar Open 2018"]
[Site "Zadar"]
[Date "2018.12.18"]
[Round "5.19"]
[White "Sinanovic, Muhamed"]
[Black "Ermeni, Avni"]
[Result "1/2-1/2"]
[ECO "E06"]
[WhiteElo "2325"]
[BlackElo "2183"]
[Annotator "NA"]
[PlyCount "94"]
[EventDate "2018.12.15"]
[EventType "swiss"]
[EventCountry "CRO"]
[SourceTitle "playchess.com"]
[Source "ChessBase"]
[SourceQuality "1"]
[TimeControl "40/5400+30:1800+30"]

1. c4 Nf6 2. g3 e6 3. Bg2 d5 4. Nf3 c6 5. Qc2 Be7 6. O-O O-O 7. d4 b6 8. Nbd2 Bb7 9. e4 dxc4 10. Nxc4 Nbd7 11. Rd1 h6 12. Nfe5 b5 13. Nxd7 Nxd7 14. Ne3 Qb6 15. b3 Rac8 16. Bb2 Rfd8 17. a4 a6 18. a5 Qc7 19. Bc3 Bf8 20. f4 c5 21. d5 exd5 22. exd5 Re8 23. Nf5 g6 24. Nh4 Qd6 25. Rd2 Re3 26. Rad1 c4 27. b4 Bg7 28. Bxg7 Kxg7 29. Bh3 Rce8 30. Ng2 R3e4 31. Bxd7 Qxd7 32. Qc3+ f6 33. h4 Qg4 34. d6 Re2 35. Rxe2 Rxe2 36. Rd2 Rxg2+ 37. Rxg2 Qd1+ 38. Kh2 Bxg2 39. Kxg2 Qxd6 40. Kf2 Kf7 41. Ke2 Qe6+ 42. Kd2 Qe4 43. Kc1 Ke6 44. Qd2 Qf3 45. Qd4 Qd5 46. Qb6+ Qd6 47. g4 f5 1/2-1/2

[Event "25th Zadar Open 2018"]
[Site "Zadar"]
[Date "2018.12.18"]
[Round "5.20"]
[White "Bratovic, Blaz"]
[Black "Pallitsch, Clemens"]
[Result "1-0"]
[ECO "B49"]
[WhiteElo "2307"]
[BlackElo "2176"]
[Annotator "NA"]
[PlyCount "73"]
[EventDate "2018.12.15"]
[EventType "swiss"]
[EventCountry "CRO"]
[SourceTitle "playchess.com"]
[Source "ChessBase"]
[SourceQuality "1"]
[TimeControl "40/5400+30:1800+30"]

1. e4 c5 2. Nf3 e6 3. d4 cxd4 4. Nxd4 Nc6 5. Nc3 Qc7 6. Be2 a6 7. O-O Nf6 8. Be3 b5 9. f4 Nxd4 10. Qxd4 d6 11. a4 e5 12. Qd2 b4 13. Nd5 Nxd5 14. exd5 a5 15. fxe5 dxe5 16. Bb5+ Bd7 17. Qf2 Bxb5 18. axb5 Bd6 19. c4 bxc3 20. Rac1 O-O 21. Rxc3 Qd7 22. Rc6 Rab8 23. b6 Bb4 24. Bc5 Bxc5 25. Qxc5 Qg4 26. d6 e4 27. Rc7 Qe6 28. b7 e3 29. Re7 Qb3 30. d7 e2 31. Re1 Rfd8 32. R1xe2 g6 33. Re8+ Kg7 34. Qe5+ Kh6 35. Qe3+ Qxe3+ 36. R2xe3 f5 37. Rxd8 1-0

[Event "25th Zadar Open 2018"]
[Site "Zadar"]
[Date "2018.12.18"]
[Round "5.21"]
[White "Ojas Kulkarni"]
[Black "Ivekovic, Bozidar"]
[Result "0-1"]
[ECO "E72"]
[WhiteElo "2282"]
[BlackElo "2406"]
[Annotator "NA"]
[PlyCount "70"]
[EventDate "2018.12.15"]
[EventType "swiss"]
[EventCountry "CRO"]
[SourceTitle "playchess.com"]
[Source "ChessBase"]
[SourceQuality "1"]
[TimeControl "40/5400+30:1800+30"]

1. c4 Nf6 2. Nc3 c6 3. e4 d6 4. d4 e5 5. Nge2 Nbd7 $14 {[%emt 0:04:30] LiveBook: 84 Games} 6. g3 g6 7. Bg2 Bg7 8. O-O O-O 9. h3 h5 10. Be3 Re8 11. d5 c5 12. Qd2 h4 13. f4 Nh5 14. f5 hxg3 15. fxg6 fxg6 16. Bg5 Ndf6 17. Bxf6 Nxf6 18. Qg5 Kh7 19. Rf3 Nh5 20. Qxd8 Rxd8 21. Nxg3 Nf4 22. Nge2 g5 23. Ng3 g4 24. hxg4 Bxg4 25. Nf5 Bxf3 26. Bxf3 a6 27. a4 Bf6 28. Kf2 Kg6 29. b3 Rh8 30. Ne2 Rh2+ 31. Ke3 Rah8 32. Rg1+ Bg5 33. Nxd6 R8h3 34. Rxg5+ Kxg5 35. Ng1 Rg3 0-1

[Event "25th Zadar Open 2018"]
[Site "Zadar"]
[Date "2018.12.18"]
[Round "5.22"]
[White "Zelic, Mladen"]
[Black "Janzelj, Tim"]
[Result "0-1"]
[ECO "B23"]
[WhiteElo "2274"]
[BlackElo "2395"]
[Annotator "ChessBase"]
[PlyCount "90"]
[EventDate "2018.12.15"]
[EventType "swiss"]
[EventCountry "CRO"]
[SourceTitle "playchess.com"]
[Source "ChessBase"]
[SourceQuality "1"]
[TimeControl "40/5400+30:1800+30"]

1. e4 d6 2. Nc3 c5 3. f4 g6 4. Nf3 Bg7 5. Bb5+ Bd7 6. Bxd7+ Qxd7 7. O-O Nc6 8. d3 Nf6 9. Qe1 Rc8 10. h3 Nd4 11. Qf2 Nxf3+ 12. Qxf3 e6 13. f5 b5 14. Bg5 O-O 15. g4 b4 16. Ne2 c4 17. d4 h6 18. Be3 exf5 19. gxf5 Rce8 20. Ng3 Qe7 21. e5 dxe5 22. dxe5 Qxe5 23. Bxa7 Ra8 24. Rae1 Qxb2 25. Bc5 Ra3 26. Qf2 Rc8 27. fxg6 fxg6 28. Be7 Qc3 29. Ne2 Qxh3 30. c3 Ra5 31. Nf4 Rg5+ 32. Ng2 Ng4 33. Qf4 Ne3 34. Qxg5 hxg5 35. Rxe3 Qd7 36. Bxb4 Re8 37. Rxe8+ Qxe8 38. Re1 Qb8 39. a4 Qa7+ 40. Ne3 Be5 41. Kg2 Qxa4 42. Re2 Qd7 43. Kf2 Qd3 44. Ra2 Qe4 45. Ra6 g4 0-1

[Event "25th Zadar Open 2018"]
[Site "Zadar"]
[Date "2018.12.18"]
[Round "5.23"]
[White "Samani, Yamac"]
[Black "Kurayan, Ruslan"]
[Result "1/2-1/2"]
[ECO "B76"]
[WhiteElo "2267"]
[BlackElo "2391"]
[Annotator "NA"]
[PlyCount "73"]
[EventDate "2018.12.15"]
[EventType "swiss"]
[EventCountry "CRO"]
[SourceTitle "playchess.com"]
[Source "ChessBase"]
[SourceQuality "1"]
[TimeControl "40/5400+30:1800+30"]

1. e4 c5 2. Nf3 d6 3. d4 Nf6 4. Nc3 cxd4 5. Nxd4 g6 6. Be3 Bg7 7. f3 O-O 8. Qd2 Nc6 9. g4 Be6 10. Nxe6 fxe6 11. O-O-O Rc8 12. Bc4 Qd7 13. h4 Ne5 14. Bb3 a5 15. Na4 Rc6 16. Qxa5 Nxf3 17. Nc5 Rxc5 18. Bxc5 Nxg4 19. h5 g5 20. Kb1 Be5 21. Bb6 h6 22. Rd3 Kg7 23. a3 Rf4 24. Ka2 Nf6 25. Rf1 g4 26. Qa8 Qc6 27. Qd8 Kf7 28. Be3 Qxe4 29. Bxf4 Bxf4 30. Rc3 Nxh5 31. Rc8 Ng7 32. Qg8+ Kg6 33. Rf8 Bg5 34. Qf7+ Kh7 35. Qg8+ Kg6 36. Qf7+ Kh7 37. Qg8+ 1/2-1/2

[Event "25th Zadar Open 2018"]
[Site "Zadar"]
[Date "2018.12.18"]
[Round "5.24"]
[White "Mendonca, Leon Luke"]
[Black "Der Manuelian, Haik"]
[Result "1/2-1/2"]
[ECO "D11"]
[WhiteElo "2350"]
[BlackElo "2262"]
[Annotator "NA"]
[PlyCount "121"]
[EventDate "2018.12.15"]
[EventType "swiss"]
[EventCountry "CRO"]
[SourceTitle "playchess.com"]
[Source "ChessBase"]
[SourceQuality "1"]
[TimeControl "40/5400+30:1800+30"]

1. d4 d5 2. c4 c6 3. Nf3 Nf6 4. g3 dxc4 5. Bg2 g6 {[%emt 0:00:30] D11: Slav Defence: 3 Nf3 sidelines and 3...Nf6 4 e3 Bg4} 6. O-O Bg7 7. a4 Ne4 8. Qc2 Nd6 9. Nbd2 Na6 $146 ({Predecessor:} 9... Be6 10. Ng5 Qc8 11. Nde4 Nxe4 12. Qxe4 Bf5 13. Qf4 h6 14. Nf3 {0-1 (32) Dragun,K (2492)-Bartel,M (2619) Chorzow 2013}) 10. Nxc4 Bf5 11. Nxd6+ exd6 12. e4 Bg4 13. Be3 Qd7 14. Qb3 O-O 15. Nd2 c5 16. d5 Nb4 17. Rae1 Bh3 18. Nc4 Bxg2 19. Kxg2 Rfe8 20. Bf4 Bf8 21. f3 Rad8 22. Bd2 Na6 23. Bc3 Bg7 24. Rf2 b6 25. Rfe2 Nc7 26. Na3 Rb8 27. Nb5 a6 28. Nxc7 Qxc7 29. f4 Bxc3 30. Qxc3 Qd7 31. e5 dxe5 32. Rxe5 Rxe5 33. Qxe5 Rd8 34. a5 Qxd5+ 35. Qxd5 Rxd5 36. axb6 Rd2+ 37. Kf3 Rxb2 38. Rc1 Rxb6 39. Rxc5 Rb8 40. Ra5 Ra8 41. g4 Kf8 42. h4 h6 43. h5 gxh5 44. gxh5 Kg7 45. Kg4 Kf6 46. Rf5+ Ke7 47. Re5+ Kf8 48. Ra5 Kg7 49. Kf5 Ra7 50. Kg4 Kf6 51. Rf5+ Ke6 52. Re5+ Kd6 53. Ra5 Ke6 54. Re5+ Kf6 55. Ra5 Kg7 56. Kf5 Ra8 57. Kg4 Kh7 58. Kf5 Kg8 $11 59. Kf6 Kf8 60. Kf5 Kg7 61. Kg4 1/2-1/2

[Event "25th Zadar Open 2018"]
[Site "Zadar"]
[Date "2018.12.18"]
[Round "5.25"]
[White "Paszewski, Mateusz"]
[Black "Sahil, Tickoo"]
[Result "1-0"]
[ECO "B30"]
[WhiteElo "2342"]
[BlackElo "2224"]
[Annotator "NA"]
[PlyCount "111"]
[EventDate "2018.12.15"]
[EventType "swiss"]
[EventCountry "CRO"]
[SourceTitle "playchess.com"]
[Source "ChessBase"]
[SourceQuality "1"]
[TimeControl "40/5400+30:1800+30"]

1. e4 c5 2. Nc3 Nc6 3. Nge2 e5 4. Nd5 d6 5. Nec3 Nge7 6. Bc4 Nxd5 7. Nxd5 Be7 8. O-O O-O 9. d3 Be6 10. c3 h6 11. f4 exf4 12. Bxf4 Na5 13. Nxe7+ Qxe7 14. Bd5 Nc6 15. Qh5 Bxd5 16. exd5 Ne5 17. Rae1 f6 18. d4 cxd4 19. cxd4 Qf7 20. Qf5 Qxd5 21. dxe5 fxe5 22. Qh5 Qd4+ 23. Be3 Rxf1+ 24. Kxf1 Qxb2 25. Qe2 Rf8+ 26. Bf2 Qxe2+ 27. Kxe2 Rc8 28. Rd1 Rc2+ 29. Kf3 Rxa2 30. Rxd6 b5 31. Bg3 b4 32. Bxe5 a5 33. Rd7 g5 34. g4 b3 35. Rb7 a4 36. Ke4 Rf2 37. Rb4 Kf7 38. Rxa4 Re2+ 39. Kd4 Rd2+ 40. Ke3 Rg2 41. Kf3 Rd2 42. Ra6 Rd3+ 43. Ke4 Rh3 44. Rb6 h5 45. Kf5 Rf3+ 46. Kxg5 hxg4 47. Kxg4 Re3 48. Kf5 Rf3+ 49. Bf4 Ke7 50. h4 Kf8 51. Rb7 Kg8 52. h5 Rc3 53. Bg5 Rh3 54. Kg6 Rf3 55. h6 b2 56. Rb8+ 1-0

[Event "25th Zadar Open 2018"]
[Site "Zadar"]
[Date "2018.12.18"]
[Round "5.26"]
[White "Krstulovic, Alex"]
[Black "Warakomska, Anna"]
[Result "1-0"]
[ECO "E99"]
[WhiteElo "2313"]
[BlackElo "2233"]
[Annotator "NA"]
[PlyCount "89"]
[EventDate "2018.12.15"]
[EventType "swiss"]
[EventCountry "CRO"]
[SourceTitle "playchess.com"]
[Source "ChessBase"]
[SourceQuality "1"]
[TimeControl "40/5400+30:1800+30"]

1. d4 Nf6 2. c4 g6 3. Nc3 Bg7 4. e4 d6 5. Be2 O-O 6. Nf3 e5 7. O-O Nc6 8. d5 Ne7 9. Ne1 Nd7 10. f3 f5 11. Be3 f4 12. Bf2 g5 13. Nd3 Nf6 14. c5 Ng6 $14 {[%emt 0:01:30] LiveBook: 88 Games} 15. a4 Rf7 16. a5 Bf8 17. a6 b6 18. cxb6 cxb6 19. Nb4 Ne8 20. Nb5 g4 21. fxg4 Qg5 22. Bf3 Nf6 23. h3 h5 24. gxh5 Nh4 25. Bxh4 Qxh4 26. Rf2 Rg7 27. Kf1 Nh7 28. Rc1 Ng5 29. Rc7 Bd7 30. Nc6 Nxf3 31. Rxf3 Bg4 32. Rxg7+ Bxg7 33. hxg4 Qh1+ 34. Ke2 Qxg2+ 35. Kd3 Qxb2 36. Nc3 Qa3 37. Qa4 Qb2 38. Ne7+ Kh7 39. Qc6 Qg2 40. Qxa8 Qxf3+ 41. Kc4 b5+ 42. Kb4 Qxg4 43. Qg8+ Kh6 44. Nf5+ Kxh5 45. Qh7+ 1-0

[Event "25th Zadar Open 2018"]
[Site "Zadar"]
[Date "2018.12.18"]
[Round "5.27"]
[White "Djoric, Dusan"]
[Black "Parnali, S Dharia"]
[Result "1-0"]
[ECO "C50"]
[WhiteElo "2298"]
[BlackElo "2118"]
[Annotator "NA"]
[PlyCount "147"]
[EventDate "2018.12.15"]
[EventType "swiss"]
[EventCountry "CRO"]
[SourceTitle "playchess.com"]
[Source "ChessBase"]
[SourceQuality "1"]
[TimeControl "40/5400+30:1800+30"]

1. e4 e5 2. Nf3 Nc6 3. Bc4 Nf6 4. d3 Bc5 5. Nc3 h6 6. Nd5 d6 7. h3 Nxd5 8. Bxd5 Ne7 9. Bb3 O-O 10. c3 Ng6 11. O-O Bb6 12. Be3 Be6 13. d4 Qf6 14. dxe5 dxe5 15. Bxe6 fxe6 16. Qe2 Rf7 17. Nh2 Raf8 18. g3 Bxe3 19. Qxe3 h5 20. h4 b6 21. Qe2 Nxh4 22. gxh4 Qxh4 23. f3 Rf6 24. Rf2 Rg6+ 25. Rg2 Rgf6 26. Qe1 Qf4 27. Qc1 Kh7 28. Qxf4 exf4 29. Rd1 Kh6 30. Rd7 R8f7 31. Rgd2 g5 32. b4 a6 33. Kg2 Kg6 34. c4 e5 35. R7d5 Re7 36. c5 Rc6 37. Kh3 Kf6 38. a4 Rh7 39. a5 bxa5 40. bxa5 Rh8 41. Rb2 Re6 42. Rbd2 g4+ 43. fxg4 hxg4+ 44. Kxg4 Re7 45. Kf3 Rh3+ 46. Kg2 Rg3+ 47. Kf2 Rh7 48. Nf3 Rhh3 49. R2d3 Rh1 50. Rd1 Rhh3 51. R5d3 Rh8 52. Rd8 Rhh3 53. R1d3 Rh1 54. Rf8+ Ke6 55. Rf5 Rh2+ 56. Nxh2 Rxd3 57. Nf3 Ra3 58. Rxe5+ Kf6 59. Rf5+ Ke7 60. Rxf4 Rxa5 61. Ke3 Rxc5 62. Kd4 Rc1 63. Rf5 Rd1+ 64. Ke3 Ra1 65. Nd4 Re1+ 66. Kd3 Ra1 67. Ra5 Rd1+ 68. Kc4 Kf6 69. e5+ Kg5 70. e6+ Kf6 71. Rf5+ Ke7 72. Rf7+ Ke8 73. Nf5 Re1 74. Rh7 1-0